 Dungeon Crawl Stone Soup version 0.21.1-1-g345015fe64 (webtiles) character file.

612 Htamos the Shield-Bearer (level 7, -5/56 HPs)
             Began as a Formicid Fighter on July 5, 2018.
             Slain by an orc warrior
             ... wielding a +0 scimitar
              (13 damage)
             ... on level 2 of the Dungeon.
             The game lasted 00:13:31 (4824 turns).

Htamos the Shield-Bearer (Formicid Fighter)         Turns: 4824, Time: 00:13:31

Health: -5/56      AC:  7    Str: 21    XL:     7   Next: 72%
Magic:  0/7        EV:  8    Int:  8    God:
Gold:   221        SH: 10    Dex: 11    Spells: 4/6 levels left

rFire    x . .     SeeInvis +   g - +2 hand axe (flame)
rCold    + . .     Gourm    .   c - +0 shield
rNeg     . . .     Faith    .   b - +0 scale mail
rPois    .         Spirit   +   (helmet unavailable)
rElec    .         Reflect  .   (no cloak)
rCorr    .         Harm     .   (no gloves)
MR       .....                  (no boots)
Stlth    ..........             s - amulet of guardian spirit
HPRegen  0.18/turn              t - ring of ice
MPRegen  0.10/turn              (no ring)

@: very slightly contaminated
A: permanent stasis, dig shafts and tunnels, four strong arms, antennae 3
a: Dig, Shaft Self


You were on level 2 of the Dungeon.
You were very hungry.

You visited 1 branch of the dungeon, and saw 4 of its levels.

You collected 221 gold pieces.

Inventory:

Hand Weapons
 a - a +0 war axe
 g - a +2 hand axe of flaming (weapon)
Missiles
 j - 20 arrows
Armour
 b - a +0 scale mail (worn)
 c - a +0 shield (worn)
Jewellery
 r - an uncursed amulet of regeneration {unknown}
 s - an amulet of guardian spirit (around neck)
 t - a ring of ice (left hand)
Wands
 d - a wand of random effects (16)
 p - a wand of scattershot (2)
Scrolls
 e - 3 scrolls of remove curse
 l - a scroll of magic mapping
 q - 2 scrolls of teleportation
 u - 2 scrolls of amnesia
 v - a scroll of immolation
 y - a scroll of blinking {unknown}
 z - a scroll of enchant armour {unknown}
Potions
 i - 3 potions of haste
 m - a potion of brilliance
 o - a potion of berserk rage
Books
 h - a book of Cantrips

   Spells                             Type                      Level
   a - Confusing Touch                Hexes                        1
   b - Animate Skeleton               Necromancy                   1
   c - Summon Small Mammal            Summoning                    1
   d - Apportation                    Translocation                1
 n - a book of Changes

   Spells                             Type                      Level
   a - Beastly Appendage              Transmutation                1
   b - Sticks to Snakes               Transmutation                2
   c - Spider Form                    Transmutation/Poison         3
   d - Ice Form                       Ice/Transmutation            4
   e - Blade Hands                    Transmutation                5
Comestibles
 f - 6 rations


   Skills:
 * Level 5.5 Fighting
 + Level 4.4 Axes
 + Level 5.0 Armour
 + Level 5.9 Shields


You had 4 spell levels left.
You knew the following spells:

 Your Spells              Type           Power        Failure   Level  Hunger
a - Sticks to Snakes      Tmut           #.......     97%         2    ###....


Dungeon Overview and Level Annotations

Branches:
Dungeon (4/15)
 Temple: D:4-7

Altars:
Cheibriados
Elyvilon
Sif Muna
Uskayaw
The Shining One


Innate Abilities, Weirdness & Mutations

You cannot be hasted, slowed, berserked, paralysed or teleported.
You can dig through walls and to a lower floor.
Your four strong arms can wield two-handed weapons with a shield.
You have a pair of large antennae on your head. (SInv)


Message History

You block the orc warrior's attack.
You hit the orc warrior. You burn the orc warrior.
The orc warrior is severely wounded.
The orc warrior hits you but does no damage.
You hit the orc warrior. You burn the orc warrior.
The orc warrior is almost dead.
You block the orc warrior's attack.
You hit the orc warrior. You burn the orc warrior.
The orc warrior is almost dead.
You block the orc warrior's attack.
You barely miss the orc warrior.
The orc warrior is almost dead.
The orc warrior hits you with a scimitar!!
* * * LOW HITPOINT WARNING * * *
You hit the orc warrior but do no damage.
The orc warrior is almost dead.
You closely miss the orc warrior.
The orc warrior is almost dead.
The orc warrior hits you with a scimitar!
You die...

##.............# #...#####
....##...###.#.# #...# #######.##
#.#.# #...# #.# ##...## #...#
######.###.....## #...# #####
#......##.......######...###....
#......#........................
#[.............o................
##.....####.####@................
##.....##(....##..#####...###.##.
######.#.......#..# #...# #.... #
#.#.......#.## ###...####### #
#....._.....# #......# ##
######.#.......#.# #.#....#####.
.....#.#.......#.####.#........>.
#......##.....##...##.#....####..
#.##...####.####.#....<..[.####..


You could see an orc warrior.

Vanquished Creatures
  Sigmund (D:2)
  3 orc priests
  A hound (D:4)
  2 orc wizards
  2 iguanas (D:4)
  A worker ant (D:4)
  10 adders
  An ooze (D:3)
  2 worms
  2 dart slugs (D:2)
  6 leopard geckos (D:3)
  15 orcs
  4 giant cockroaches
  8 goblins
  5 hobgoblins
  2 jackals (D:3)
  4 quokkas
  4 ball pythons
  7 bats
  4 frilled lizards
  A jackal skeleton (D:4)
  9 kobolds
  2 rats
96 creatures vanquished.

Notes
Turn   | Place    | Note
-------+----------+-------------------------------------------
     0 | D:1      | Htamos the Formicid Fighter began the quest for the Orb.
     0 | D:1      | Reached XP level 1. HP: 18/18 MP: 1/1
   219 | D:1      | Reached XP level 2. HP: 24/24 MP: 2/2
   781 | D:1      | Reached XP level 3. HP: 12/30 MP: 3/3
  1056 | D:2      | Learned a level 2 spell: Sticks to Snakes
  1059 | D:2      | Noticed Sigmund
  1788 | D:2      | Reached XP level 4. HP: 27/37 MP: 4/4
  1928 | D:2      | Found a white marble altar of Elyvilon.
  2040 | D:2      | Killed Sigmund
  2040 | D:2      | Reached XP level 5. HP: 43/43 MP: 5/5
  2040 | D:2      | Reached XP level 6. HP: 49/49 MP: 6/6
  2247 | D:2      | Reached skill level 5 in Shields
  2259 | D:2      | Found a hide-covered altar of Uskayaw.
  2259 | D:2      | Found a glowing golden altar of the Shining One.
  2652 | D:2      | Found a deep blue altar of Sif Muna.
  2993 | D:2      | Reached skill level 5 in Fighting
  3146 | D:3      | Reached XP level 7. HP: 47/56 MP: 5/7
  4109 | D:4      | Found a snail-covered altar of Cheibriados.
  4453 | D:4      | Reached skill level 5 in Armour
  4824 | D:2      | Slain by an orc warrior

Skill      XL: |  1  2  3  4  5  6  7 |
---------------+----------------------+-----
Shields        | 4 5 |  5.9
Fighting       | 4 5 |  5.5
Axes           | 3 4 |  4.4
Armour         | 4 5 |  5.0

Action                   |  1- 3 |  4- 6 |  7- 9 || total
-------------------------+-------+-------+-------++-------
Melee: Hand axe          |    57 |    97 |   138 ||   292
  Use: Potion            |       |     1 |     3 ||     4
       Scroll            |       |     6 |     5 ||    11
  Eat: Ration            |     1 |       |       ||     1
       Chunk             |       |     3 |     5 ||     8
Armor: Scale mail        |    18 |    30 |    40 ||    88
Dodge: Dodged            |    28 |    30 |    46 ||   104
Block: Shield            |    31 |    53 |    85 ||   169
